 Seeded DCSS version 0.31-a0-1570-g93c622d222 (webtiles) character file.

Game seed: 10463392276266972231 (custom seed)

303 innerfire43 the Poker (level 6, 0/48 HPs)
             Began as a Demonspawn Monk on Jan 3, 2024.
             Killed by divine providence
             ... invoked by an orc priest
              (13 damage)
             ... on level 4 of the Dungeon.
             The game lasted 00:04:33 (2678 turns).

innerfire43 the Poker (Demonspawn Monk)             Turns: 2678, Time: 00:04:33

Health: 0/48       AC:  7    Str: 14    XL:     6   Next: 15%
Magic:  8/8        EV: 13    Int: 10    God:
Gold:   180        SH:  0    Dex: 15    Spells: 5/5 levels left

rFire   . . .        a - +0 spear
rCold   . . .        d - orb {light}
rNeg    . . .        b - +0 robe
rPois   .            i - +2 helmet
rElec   .            (no cloak)
rCorr   .            (no gloves)
SInv    +            (no boots)
Will    .....        (no amulet)
Stlth   +            h - ring of see invisible
HPRegen 0.28/turn    (no ring)
MPRegen 0.11/turn

%: no passive effects
@: glowing
A: claws 1, slimy green scales 1, demonic guardian 1
a: no special abilities


You were on level 4 of the Dungeon.
You visited 1 branch of the dungeon, and saw 4 of its levels.

You collected 180 gold pieces.

Inventory:

Hand Weapons
 a - a +0 spear (weapon)
Armour
 b - a +0 robe (worn)
 d - an orb of light (worn)
 i - a +2 helmet (worn)
 j - a +0 helmet
Jewellery
 h - a ring of see invisible (left claw)
Wands
 s - a wand of charming (14)
Scrolls
 e - a scroll of torment {unknown}
 g - 4 scrolls of teleportation {unknown}
 l - a scroll of vulnerability {unknown}
 m - 2 scrolls of enchant armour {unknown}
 o - 2 scrolls of fog {unknown}
 p - 4 scrolls of identify {unknown}
 q - a scroll of silence {unknown}
Potions
 c - a potion of ambrosia
 f - a potion of invisibility {unknown}
 k - 5 potions of curing
 n - 2 potions of lignification
 r - a potion of attraction {unknown}


   Skills:
 + Level 4.0 Fighting
 * Level 4.5 Polearms
 + Level 3.7 Dodging
 + Level 3.2 Invocations


You had 5 spell levels left.
You didn't know any spells.
Your spell library contained the following spells:

 Spells                   Type           Power      Damage    Failure   Level
 Freeze                   Ice            0%         1d3       36%         1
 Magic Dart               Conj           0%         1d3       36%         1
 Blink                    Tloc           0%         N/A       50%         2
 Call Imp                 Summ           0%         N/A       50%         2
 Frozen Ramparts          Ice            0%         1d1       75%         3
 Hailstorm                Conj/Ice       0%         3d5       75%         3


Dungeon Overview and Level Annotations

Branches:
Dungeon (4/15)
 Temple: D:4-7

Altars:

Shops:
D:2 !!*:


Innate Abilities, Weirdness & Mutations

You have sharp fingernails.
You are partially covered in slimy green scales. (AC +2)
A weak demonic guardian rushes to your aid.


Message History

The orc hits you with a +0 dagger.
You hit the orc but do no damage.
The orc is almost dead.
You hit the orc.
You kill the orc!
You barely miss the orc priest.
The orc priest mumbles some strange prayers to Beogh against you.
Beogh smites you!
You hit the orc priest.
The orc priest is lightly wounded.
The orc closely misses you.
The orc priest hits you with a +0 flail!
You barely miss the orc priest.
The orc priest is lightly wounded.
The orc priest closely misses you. The orc hits you but does no damage.
An orc comes into view. It is wielding a +0 whip.
The orc shouts!
You hit the orc priest.
The orc priest is moderately wounded.
You hear a shout!
The orc hits you but does no damage. The orc priest closely misses you.
You hit the orc priest.
The orc priest is heavily wounded.
The orc misses you.
The orc priest mumbles some strange prayers to Beogh against you.
Beogh smites you!
* * * LOW HITPOINT WARNING * * *
A demonic guardian appears!
You barely miss the orc priest.
The orc priest is heavily wounded.
Unknown command.
You feel better.
The orc hits you from afar with a +0 trident.
* * * LOW HITPOINT WARNING * * *
The orc priest closely misses you.
You hit the orc priest.
The orc priest is severely wounded.
The orc priest calls down the wrath of Beogh upon you.
Beogh smites you!
You die...

#.. .o.
#o# #o#
#s# #o#
#o# #@#
#5# #.#
#.#
#.#######
#<.......
#########


You could see a scorpion, an orc priest (ally target), an orc wizard, 3 orcs and
a friendly iron imp (summoned).

Vanquished Creatures
  A scorpion (D:3)
  Jessica (D:3)
  Ijyb (D:3)
  Natasha (thrice) (D:3)
  Robin (D:3)
  3 adders
  4 dart slugs
  A ribbon worm (D:3)
  3 orcs (D:4)
  3 ball pythons
  4 bats
  An endoplasm (D:1)
  A giant cockroach (D:3)
  6 hobgoblins
  3 kobolds
  2 quokkas (D:2)
  6 frilled lizards
  21 goblins
  5 rats
70 creatures vanquished.

Notes
Turn   | Place    | Note
-------+----------+-------------------------------------------
     0 | D:1      | innerfire43 the Demonspawn Monk began the quest for the
                  | Orb.
     0 | D:1      | Reached XP level 1. HP: 18/18 MP: 1/1
   147 | D:1      | Gained mutation: You are partially covered in slimy green
                  | scales. (AC +2) [demonic ancestry]
   147 | D:1      | Reached XP level 2. HP: 21/24 MP: 2/2
   149 | D:1      | Reached skill level 1 in Invocations
   439 | D:2      | Reached XP level 3. HP: 29/29 MP: 2/4
   547 | D:2      | Found Jeanep's Distillery.
   606 | D:2      | Found Cinaplo's Distillery.
   802 | D:2      | Found Raodweku's General Store.
  1162 | D:2      | Found Muamiaqy's Book Shoppe.
  1618 | D:3      | Reached XP level 4. HP: 32/35 MP: 5/5
  1655 | D:3      | Noticed Jessica
  1666 | D:3      | Killed Jessica
  1699 | D:3      | Noticed Natasha
  1713 | D:3      | HP: 1/35 [cerulean imp/+0 spear[Natasha] (4)]
  1722 | D:3      | Noticed Robin
  1741 | D:3      | Killed Natasha
  1769 | D:3      | Killed Robin
  1770 | D:3      | Gained mutation: A weak demonic guardian rushes to your
                  | aid. [demonic ancestry]
  1770 | D:3      | Reached XP level 5. HP: 34/42 MP: 6/6
  1944 | D:3      | Noticed Natasha
  1952 | D:3      | Killed Natasha
  2021 | D:3      | Noticed Ijyb
  2096 | D:3      | Killed Ijyb
  2400 | D:3      | Gained mutation: You have sharp fingernails. [demonic
                  | ancestry]
  2400 | D:3      | Reached XP level 6. HP: 48/48 MP: 8/8
  2455 | D:3      | Noticed Natasha
  2487 | D:3      | Killed Natasha
  2678 | D:4      | Killed from afar by an orc priest

Illustrated notes

Levels and vault maps discovered:
D:1:      minmay_arrival_shattered_statue, layout_rooms, moated_statue
D:2:      layout_loops_corners, serial_shops, shop, shop, shop, shop,
          corexii_hall_statues_i
D:3:      kennysheep_the_goblin_king, layout_basic,
          nicolae_concentric_dashed_squares_wild, uniq_natasha, uniq_robin,
          uniq_jessica
D:4:      layout_basic, grunt_dithmenos_smoke_and_mirrors,
          lightli_ossuary_entry_decrepit_ruins

Skill      XL: |  1  2  3  4  5 |
---------------+----------------+-----
Polearms       | 3 4 |  4.5
Invocations    | 1 2 3 |  3.2
Dodging        | 3 |  3.7
Fighting       | 4 |  4.0

Action                     |  1- 3 |  4- 6 || total
---------------------------+-------+-------++-------
  Melee: Spear             |   145 |   203 ||   348
    Use: Potion            |       |     6 ||     6
 Armour: Robe              |    43 |    92 ||   135
         Skin              |       |    42 ||    42
  Dodge: Dodged            |    80 |   104 ||   184

Table legend: (Time is in decaauts)
 A = Elapsed time spent in this place.
 B = Non-inter-level travel time spent in this place.
 C = Inter-level travel time spent in this place.
 D = Time resting spent in this place.
 E = Time spent auto-exploring this place.
 F = Levels seen in this place.
 G = Mean time per level.
                   A        B        C        D        E       F      G
               +--------+--------+--------+--------+--------+-----+--------+
         Total |   2649 |   2629 |     20 |      0 |   1947 |   4 |  662.2 |
       Dungeon |   2649 |   2629 |     20 |      0 |   1947 |   4 |  662.2 |
               +--------+--------+--------+--------+--------+-----+--------+

Top non-repeatable levels by time:
     D:3: 1193 daAuts
     D:2: 999 daAuts
     D:1: 428 daAuts
     D:4: 28 daAuts
